 Dungeon Crawl Stone Soup version 0.22-b1-59-g0aedee7 (webtiles) character file.

128 Doobh the Chucker (level 5, -4/32 HPs)
             Began as a Kobold Hunter on Aug 9, 2018.
             Slain by a gnoll
             ... wielding a +0 halberd
              (20 damage)
             ... on level 2 of the Dungeon.
             The game lasted 00:07:59 (2012 turns).

Doobh the Chucker (Kobold Hunter)                   Turns: 2012, Time: 00:07:59

Health: -4/32      AC:  4    Str:  9    XL:     5   Next: 33%
Magic:  5/5        EV: 16    Int: 13    God:
Gold:   75         SH:  0    Dex: 16    Spells: 4/4 levels left

rFire    . . .     SeeInvis .   m - +2 dagger (venom)
rCold    . . .     Gourm    .   (shield restricted)
rNeg     . . .     Faith    .   r - +0 animal skin
rPois    .         Spirit   .   q - +1 helmet
rElec    .         Reflect  .   (no cloak)
rCorr    .         Harm     .   (no gloves)
MR       .....                  (no boots)
Stlth    ++........             (no amulet)
HPRegen  0.10/turn              (no ring)
MPRegen  0.09/turn              (no ring)

@: no status effects
A: small, carnivore
a: no special abilities


You were on level 2 of the Dungeon.
You were completely stuffed.

You visited 1 branch of the dungeon, and saw 2 of its levels.

You collected 75 gold pieces.

Inventory:

Hand Weapons
 m - a +2 dagger of venom (weapon)
Missiles
 a - 32 poisoned needles
 c - 8 tomahawks (quivered)
 d - 3 throwing nets
 k - 79 stones
Armour
 q - a +1 helmet (worn)
 r - a +0 animal skin (worn)
Jewellery
 g - an uncursed ring of protection from cold {unknown}
 n - an uncursed ring of protection from magic {unknown}
Scrolls
 i - a scroll of identify {unknown}
Potions
 e - 2 potions of magic {unknown}
 h - 2 potions of curing {unknown}
 j - a potion of heal wounds {unknown}
 l - a potion of degeneration {unknown}
Comestibles
 f - 3 rations


   Skills:
 + Level 3.0 Fighting
 + Level 2.0 Short Blades
 * Level 5.4 Throwing
 + Level 3.3 Dodging
 + Level 3.0 Stealth


You had 4 spell levels left.
You didn't know any spells.
Your spell library was empty.

Dungeon Overview and Level Annotations

Branches:
Dungeon (2/15)

Altars:


Innate Abilities, Weirdness & Mutations

You are small and have problems with some larger weapons.
You are carnivorous and can eat meat at any time.


Message History

The gnoll completely misses you. The gnoll misses you.
You hit the gnoll.
The gnoll looks as sick as possible!
The gnoll is moderately wounded.
The gnoll hits you from afar with a halberd!
All of the chunks of flesh in your inventory have rotted away.
The gnoll closely misses you.
Your Fighting skill increases to level 3!
Your Short Blades skill increases to level 2!
You feel a bit more experienced.
Throwing (i - inventory. (/) - cycle)
c - 9 tomahawks (quivered)
Press: ? - help, Shift-Dir - straight line, f - gnoll
Aim: a gnoll, wielding a halberd You throw a tomahawk.
The tomahawk hits the gnoll.
The gnoll is moderately wounded.
You see here a club.
There is a stone staircase leading up here.
Your library has no spells.
The gnoll hits you from afar with a halberd!!
Ouch! That really hurt!
You die...

#...##..################.
#...##......############.
#...##...#>..............
#...##...#.##############
#...##...................
#...##...#...........#...
#........#...........#...
#.####.####.###).....#...
#)# #.)@)g.# ##'#####...
#.######.#### #[# #...
#.....##.#######.#####...
#####.##.......#.........
#.######.########.... #.#
#.# . #.... ######.## #.#
.# #.### #.......#
#.####.#<#.#
#.....).#####........#+#


You could see a gnoll.

Vanquished Creatures
  Robin (D:2)
  6 gnolls (D:2)
  3 dart slugs
  A ball python (D:1)
  A giant cockroach (D:2)
  16 goblins
  9 hobgoblins
  5 bats
  2 frilled lizards (D:1)
  5 kobolds
  8 rats
57 creatures vanquished.

Notes
Turn   | Place    | Note
-------+----------+-------------------------------------------
     0 | D:1      | Doobh the Kobold Hunter began the quest for the Orb.
     0 | D:1      | Reached XP level 1. HP: 12/12 MP: 1/1
   175 | D:1      | Reached XP level 2. HP: 17/17 MP: 2/2
   561 | D:1      | Reached XP level 3. HP: 22/22 MP: 3/3
   625 | D:1      | Reached skill level 1 in Short Blades
  1407 | D:2      | Reached skill level 5 in Throwing
  1407 | D:2      | Reached XP level 4. HP: 17/27 MP: 4/4
  1575 | D:2      | Noticed Robin
  1746 | D:2      | Killed Robin
  1746 | D:2      | Reached XP level 5. HP: 31/32 MP: 5/5
  2012 | D:2      | Slain by a gnoll

Skill      XL: |  1  2  3  4  5 |
---------------+----------------+-----
Stealth        | 2 3 |  3.0
Short Blades   | 1 2 |  2.0
Throwing       | 5 |  5.4
Dodging        | 3 |  3.3
Fighting       | 3 |  3.0

Action                   |  1- 3 |  4- 6 || total
-------------------------+-------+-------++-------
Melee: Short sword       |    23 |       ||    23
       Dagger            |    24 |    31 ||    55
Throw: Tomahawk          |    28 |    20 ||    48
       Stone             |       |    10 ||    10
       Throwing net      |       |     1 ||     1
 Stab: Sleeping          |     4 |       ||     4
  Eat: Chunk             |     6 |     6 ||    12
Armor: Leather armour    |     7 |     6 ||    13
Dodge: Dodged            |    36 |    22 ||    58
